 Dungeon Crawl Stone Soup version 0.30-a0-802-gb92711bcdf (webtiles) character file.

Game seed: 4873705430437037509

450 sircluck the Poker (level 7, -1/56 HPs)
             Began as a Gnoll Reaver on Feb 24, 2023.
             Slain by a water moccasin (2 damage)
             ... on level 4 of the Dungeon.
             The game lasted 00:06:58 (3903 turns).

sircluck the Poker (Gnoll Reaver)                   Turns: 3903, Time: 00:06:58

Health: -1/56      AC:  7    Str: 13    XL:     7   Next: 4%
Magic:  15/15      EV: 13    Int: 12    God:
Gold:   170        SH:  0    Dex: 11    Spells: 16/17 levels left

rFire   . . .      SeeInvis .    g - +3 war axe (drain)
rCold   . . .      Faith    .    (no shield)
rNeg    . . .      Spirit   .    w - +2 robe {Will+}
rPois   .          Reflect  .    l - +2 helmet
rElec   .          Harm     .    (no cloak)
rCorr   .          Rampage  .    (no gloves)
Will    +....                    (no boots)
Stlth   ++                       (no amulet)
HPRegen 0.29/turn                (no ring)
MPRegen 0.14/turn                (no ring)

@: lethally poisoned (-1 -> -4)
A: fangs 1, strong nose, distributed training
a: no special abilities


You were on level 4 of the Dungeon.
You visited 1 branch of the dungeon, and saw 5 of its levels.
You also visited: Sewer.

You collected 170 gold pieces.

Inventory:

Hand Weapons
 a - a +0 spear
 d - a +0 shortbow
 g - a +3 war axe of draining (weapon)
 E - a +0 short sword of venom
Missiles
 e - 14 stones (quivered)
 y - a boomerang
 F - 2 curare-tipped darts
Armour
 b - a +0 leather armour
 l - a +2 helmet (worn)
 m - a scarf of invisibility
 w - a +2 robe of willpower (worn)
 D - a +0 pair of gloves
Magical Staves
 z - a staff of cold
Jewellery
 n - a +5 ring of evasion
Scrolls
 c - a scroll of fog {unknown}
 f - 6 scrolls of teleportation {unknown}
 k - 3 scrolls of poison {unknown}
 o - a scroll of vulnerability {unknown}
 p - 4 scrolls of identify {unknown}
 t - 2 scrolls of butterflies {unknown}
 u - a scroll of enchant weapon {unknown}
 v - a scroll of blinking {unknown}
 x - a scroll of immolation {unknown}
 B - a scroll of magic mapping {unknown}
 C - a scroll of fear {unknown}
Potions
 h - 2 potions of heal wounds {unknown}
 i - 3 potions of attraction {unknown}
 j - a potion of curing {unknown}
 q - a potion of mutation {unknown}
 r - 4 potions of lignification {unknown}
 s - 2 potions of degeneration {unknown}
 A - 2 potions of invisibility {unknown}


   Skills:
 + Level 5.1 Fighting
 + Level 2.3 Short Blades
 + Level 2.3 Long Blades
 + Level 2.3 Axes
 + Level 2.3 Maces & Flails
 + Level 7.0 Polearms
 + Level 2.3 Staves
 + Level 2.3 Ranged Weapons
 + Level 2.3 Throwing
 + Level 2.3 Armour
 + Level 5.1 Dodging
 + Level 2.3 Stealth
 + Level 2.3 Shields
 + Level 2.3 Unarmed Combat
 + Level 5.5 Spellcasting
 + Level 5.8 Conjurations
 + Level 1.9 Hexes
 + Level 1.9 Summonings
 + Level 1.9 Necromancy
 + Level 1.9 Translocations
 + Level 1.9 Transmutations
 + Level 1.9 Fire Magic
 + Level 1.9 Ice Magic
 + Level 1.9 Air Magic
 + Level 1.9 Earth Magic
 + Level 1.9 Poison Magic
 + Level 2.5 Invocations
 + Level 2.3 Evocations


You had 16 spell levels left.
You knew the following spells:

 Your Spells              Type           Power      Damage    Failure   Level
a - Kiss of Death         Conj/Necr      48%        2d9       3%          1

Your spell library contained the following spells:

 Spells                   Type           Power      Damage    Failure   Level
 Foxfire                  Conj/Fire      48%        2x1d6     3%          1
 Momentum Strike          Conj/Tloc      24%        3d8       6%          2
 Hailstorm                Conj/Ice       12%        3d5       12%         3
 Cigotuvi's Dreadful Rot  Necr/Pois/Air  14%        N/A       13%         2
 Poisonous Vapours        Pois/Air       14%        N/A       13%         2
 Mephitic Cloud           Conj/Pois/Air  11%        N/A       16%         3
 Fireball                 Conj/Fire      6%         3d5       71%         5
 Starburst                Conj/Fire      6%         6d4       99%         6


Dungeon Overview and Level Annotations

Branches:
Dungeon (5/15)              Sewer (visited)
 Temple: D:4-7

Altars:
Kikubaaqudgha
Nemelex Xobeh
Xom


Innate Abilities, Weirdness & Mutations

You have very sharp teeth.
Your uncanny sense of smell can sniff out nearby items.
Your experience applies equally to all skills.


Message History

You barely miss the water moccasin.
The water moccasin is moderately wounded.
You hit the orc priest. The water moccasin barely misses you.
The orc priest closely misses you. The water moccasin closely misses you.
You hit the water moccasin but do no damage.
You drain the water moccasin.
The water moccasin is heavily wounded.
You hit the orc priest. You drain the orc priest.
The water moccasin closely misses you.
The orc priest mumbles some strange prayers to Beogh against you.
Beogh smites you!
* * * LOW HITPOINT WARNING * * *
The water moccasin bites you.
* * * LOW HITPOINT WARNING * * *
The orc priest hits you with a +0 mace.
* * * LOW HITPOINT WARNING * * *
You miss the water moccasin.
The water moccasin is heavily wounded.
You closely miss the orc priest.
The water moccasin bites you but does no damage.
The orc priest hits you but does no damage.
The water moccasin misses you.
You hit the water moccasin.
The water moccasin is heavily wounded.
You completely miss the orc priest. The water moccasin bites you.
* * * LOW HITPOINT WARNING * * *
You are poisoned.
The water moccasin poisons you!
The orc priest hits you but does no damage.
The water moccasin bites you.
* * * LOW HITPOINT WARNING * * *
You hit the orc priest.
The orc priest is almost dead.
You slash the water moccasin!
* * * LOW HITPOINT WARNING * * *
You feel very sick. The orc priest hits you with a +0 mace.
* * * LOW HITPOINT WARNING * * *
The water moccasin bites you.
You die...

###..#..## #..#
###....## #.##
.##..### #.# ####
#.##.## #.####..#
.8.##.## #.......##
....#..## #......#.#
....'...## #.....##.#
....###..####.))).#..#
.8.## ##..##..)o@S...#
#.## ##..[...†....##
.## #...........## ##
##.<#####.....##### #
##..## ##........##
#######..##
##........# .........#
##.......##
#######..##
##........## #...####
#...#####..#


You could see a water moccasin (drained) and an orc priest (very drained).

Vanquished Creatures
  Pargi (Sewer)
  2 scorpions (D:4)
  An orc priest (D:3)
  3 orc wizards (D:3)
  3 gnolls
  An adder (D:4)
  An ufetubus (D:3)
  2 dart slugs
  12 orcs
  5 endoplasms
  8 giant cockroaches
  8 goblins
  7 hobgoblins
  5 quokkas
  3 ball pythons
  2 bats
  9 frilled lizards
  4 kobolds
  4 rats
81 creatures vanquished.

Notes
Turn   | Place    | Note
-------+----------+-------------------------------------------
     0 | D:1      | sircluck the Gnoll Reaver began the quest for the Orb.
     0 | D:1      | Reached XP level 1. HP: 20/20 MP: 6/6
   191 | D:1      | Reached XP level 2. HP: 26/26 MP: 7/7
   203 | D:1      | Found a faded altar of an unknown god.
  1180 | D:2      | Reached skill level 5 in Spellcasting
  1180 | D:2      | Reached XP level 3. HP: 28/29 MP: 7/9
  1712 | D:3      | Found a shimmering altar of Xom.
  1712 | D:3      | Found an ancient bone altar of Kikubaaqudgha.
  1737 | D:3      | Reached skill level 1 in Short Blades
  1737 | D:3      | Reached skill level 1 in Long Blades
  1737 | D:3      | Reached skill level 1 in Axes
  1737 | D:3      | Reached skill level 1 in Maces & Flails
  1737 | D:3      | Reached skill level 1 in Staves
  1737 | D:3      | Reached skill level 1 in Ranged Weapons
  1737 | D:3      | Reached skill level 1 in Throwing
  1737 | D:3      | Reached skill level 1 in Armour
  1737 | D:3      | Reached skill level 1 in Stealth
  1737 | D:3      | Reached skill level 1 in Shields
  1737 | D:3      | Reached skill level 1 in Unarmed Combat
  1737 | D:3      | Reached skill level 1 in Invocations
  1737 | D:3      | Reached skill level 1 in Evocations
  1737 | D:3      | Reached XP level 4. HP: 25/38 MP: 11/11
  1948 | D:3      | Reached skill level 1 in Hexes
  1948 | D:3      | Reached skill level 1 in Summonings
  1948 | D:3      | Reached skill level 1 in Necromancy
  1948 | D:3      | Reached skill level 1 in Translocations
  1948 | D:3      | Reached skill level 1 in Transmutations
  1948 | D:3      | Reached skill level 1 in Fire Magic
  1948 | D:3      | Reached skill level 1 in Ice Magic
  1948 | D:3      | Reached skill level 1 in Air Magic
  1948 | D:3      | Reached skill level 1 in Earth Magic
  1948 | D:3      | Reached skill level 1 in Poison Magic
  1956 | D:3      | Reached XP level 5. HP: 15/43 MP: 12/12
  2419 | D:4      | Found a sparkling altar of Nemelex Xobeh.
  2464 | D:4      | Reached XP level 6. HP: 34/50 MP: 14/14
  2585 | D:4      | Found a glowing drain.
  2616 | Sewer    | Entered a sewer
  2630 | Sewer    | Noticed Pargi
  2644 | Sewer    | Killed Pargi
  2645 | Sewer    | Reached skill level 5 in Fighting
  2645 | Sewer    | Reached skill level 5 in Dodging
  3759 | D:5      | Entered Level 5 of the Dungeon
  3765 | D:4      | Reached skill level 7 in Polearms
  3765 | D:4      | Reached XP level 7. HP: 38/56 MP: 15/15
  3903 | D:4      | HP: 1/56 [orc priest/+0 mace (4)]
  3903 | D:4      | Slain by a water moccasin

Illustrated notes

Levels and vault maps discovered:
D:1:      tarquinn_simple_flora_water_b, layout_rooms,
          shapermc_ecumenical_altar_starsandcircs, minivault_25
D:2:      layout_rooms
D:3:      minmay_angry_zag, layout_rooms, nicolae_overflow_two_pavilions,
          dk_vineyard_2, hangedman_feature_mirror, minmay_goblin_outpost
D:4:      layout_layer_cave, nemelex_diamond_rough_becter, gup_sewer_entry_pipe,
          dk_noncrumbling_3
D:5:      layout_rooms, worldfamousw_hep_ancestral_shrine, uniq_menkaure

Skill      XL: |  1  2  3  4  5  6 |
---------------+-------------------+-----
Spellcasting   | 5 |  5.5
Short Blades   | 1 2 |  2.3
Long Blades    | 1 2 |  2.3
Axes           | 1 2 |  2.3
Maces & Flails | 1 2 |  2.3
Staves         | 1 2 |  2.3
Ranged Weapons | 1 2 |  2.3
Throwing       | 1 2 |  2.3
Armour         | 1 2 |  2.3
Stealth        | 1 2 |  2.3
Shields        | 1 2 |  2.3
Unarmed Combat | 1 2 |  2.3
Invocations    | 1 2 |  2.5
Evocations     | 1 2 |  2.3
Hexes          | 1 |  1.9
Summonings     | 1 |  1.9
Necromancy     | 1 |  1.9
Translocations | 1 |  1.9
Transmutations | 1 |  1.9
Fire Magic     | 1 |  1.9
Ice Magic      | 1 |  1.9
Air Magic      | 1 |  1.9
Earth Magic    | 1 |  1.9
Poison Magic   | 1 |  1.9
Fighting       | 5 |  5.1
Dodging        | 5 |  5.1
Polearms       | 7 |  7.0
Conjurations   | |  5.8

Action                     |  1- 3 |  4- 6 |  7- 9 || total
---------------------------+-------+-------+-------++-------
  Melee: Spear             |     7 |       |       ||     7
         War axe           |    49 |   132 |    11 ||   192
         Bite              |     1 |    11 |       ||    12
         Punch             |       |     1 |       ||     1
  Throw: Stone             |       |    23 |       ||    23
   Stab: Sleeping          |       |     2 |       ||     2
 Armour: Leather armour    |    25 |     5 |       ||    30
         Robe              |       |    78 |     8 ||    86
  Dodge: Dodged            |    26 |   140 |    12 ||   178

Table legend: (Time is in decaauts)
 A = Elapsed time spent in this place.
 B = Non-inter-level travel time spent in this place.
 C = Inter-level travel time spent in this place.
 D = Time resting spent in this place.
 E = Time spent auto-exploring this place.
 F = Levels seen in this place.
 G = Mean time per level.
                   A        B        C        D        E       F      G
               +--------+--------+--------+--------+--------+-----+--------+
         Total |   4031 |   3520 |    511 |    516 |   2197 |   6 |  671.8 |
       Dungeon |   3855 |   3344 |    511 |    516 |   2086 |   5 |  771.0 |
         Sewer |    176 |    176 |      0 |      0 |    111 |   1 |  176.0 |
               +--------+--------+--------+--------+--------+-----+--------+

Top non-repeatable levels by time:
     D:4: 1366 daAuts
     D:1: 1073 daAuts
     D:3: 799 daAuts
     D:2: 609 daAuts
   Sewer: 176 daAuts
     D:5: 6 daAuts
